 Dungeon Crawl Stone Soup version 0.27.1-34-g3ba077fa99 (webtiles) character file.

Game seed: 4537883762435423883

27 Ijustatesigmund the Skirmisher (level 3, 0/24 HPs)
             Began as a Gargoyle Fighter on Jan 28, 2022.
             Was an Initiate of Cheibriados.
             Slain by a worm (4 damage)
             ... on level 2 of the Dungeon.
             The game lasted 00:02:01 (1022 turns).

Ijustatesigmund the Skirmisher (Gargoyle Fighter)   Turns: 1022, Time: 00:02:01

Health: 0/24       AC: 10    Str: 21    XL:     3   Next: 10%
Magic:  3/3        EV:  7    Int:  9    God:    Cheibriados [......]
Gold:   35         SH:  9    Dex: 10    Spells: 2/2 levels left

rFire    . . .     SeeInvis .   a - +0 flail
rCold    . . .     Faith    .   c - +0 kite shield
rNeg     + . .     Spirit   .   b - +0 scale mail
rPois    ∞         Reflect  .   (no helmet)
rElec    +         Harm     .   (no cloak)
rCorr    .         Rampage  .   (no gloves)
Will     .....                  (no boots)
Stlth    ..........             (no amulet)
HPRegen  0.08/turn              (no ring)
MPRegen  0.08/turn              (no ring)

@: very slow
A: sickness immunity, AC +3, negative energy resistance 1, electricity
resistance, torment resistance 1, petrification resistance
a: Renounce Religion, Bend Time


You were on level 2 of the Dungeon.
You worshipped Cheibriados.
Cheibriados was noncommittal.
You visited 1 branch of the dungeon, and saw 2 of its levels.

You collected 35 gold pieces.

Inventory:

Hand Weapons
 a - a +0 flail (weapon)
Armour
 b - a +0 scale mail (worn)
 c - a +0 kite shield (worn)
Scrolls
 f - a scroll of blinking {unknown}
 h - a scroll of teleportation {unknown}
Potions
 d - a potion of might
 e - 2 potions of brilliance {unknown}
 g - a potion of heal wounds {unknown}


   Skills:
 + Level 3.7 Fighting
 * Level 3.1 Maces & Flails
 - Level 3.2 Armour
 - Level 3.2 Shields
 + Level 0.1 Invocations


You had 2 spell levels left.
You didn't know any spells.
Your spell library contained the following spells:

 Spells                   Type           Power      Damage    Failure   Level
 Magic Dart               Conj           0%         1d3       99%         1
 Call Imp                 Summ           0%         N/A       100%        2
 Mephitic Cloud           Conj/Pois/Air  0%         N/A       100%        3
 Ozocubu's Armour         Ice            0%         N/A       100%        3
 Metabolic Englaciation   Hex/Ice        0%         N/A       100%        5
 Simulacrum               Ice/Necr       0%         N/A       100%        6


Dungeon Overview and Level Annotations

Branches:
Dungeon (2/15)

Altars:
Cheibriados


Innate Abilities, Weirdness & Mutations

You are immune to sickness and miasma.
Your stone body is resilient. (AC +3)
You are immune to poison.
You resist negative energy. (rN+)
You are resistant to electric shocks. (rElec)
You are resistant to unholy torment.
You are immune to petrification.


Message History

You sock the rat!
You kill the rat!
Cheibriados appreciates the change of pace.
You hit the worm.
The worm is moderately wounded.
The worm bites you.
Your scale mail prevents you from hitting the worm.
The worm is lightly wounded.
The worm barely misses you.
You sock the worm!
The worm is heavily wounded.
You hit the worm.
The worm is severely wounded.
You block the worm's attack.
You barely miss the worm.
The worm is severely wounded.
The worm bites you.
You are too injured to fight recklessly!
You are too injured to fight recklessly!
You are too injured to fight recklessly!
You are too injured to fight recklessly!
You are too injured to fight recklessly!
You are too injured to fight recklessly!
You are too injured to fight recklessly!
You are too injured to fight recklessly!
You are too injured to fight recklessly!
You hit the worm.
The worm is severely wounded.
The worm barely misses you.
You hit the worm but do no damage.
The worm is severely wounded.
The worm bites you!
* * * LOW HITPOINT WARNING * * *
You thump the worm!
The worm is almost dead.
The worm barely misses you.
Your scale mail prevents you from hitting the worm.
The worm is almost dead.
The worm bites you.
You die...

###.#.# #..#..###.. .##...#
#.######## #.(........ .....###
.........# #..........
###....#..........# #..........
#..##............# #..........
#..##.#..........# #.###.#....
##.....#.#........# #.##..##.##
#........#........#####.##.###†#
.......###.....w@.....#....##....
.##>...# #........###.#..####....
.##.#### #.......<##.......##....
..>.. #.....?..##.......##....
...... ###########......<.....(
......# ##########.... ......#
#.... ...... .....


You could see a worm.

Vanquished Creatures
  A dart slug (D:1)
  5 ball pythons (D:1)
  An endoplasm (D:1)
  2 giant cockroaches
  2 goblins (D:1)
  A hobgoblin (D:2)
  2 quokkas (D:1)
  3 bats
  A kobold (D:2)
  5 rats
23 creatures vanquished.

Notes
Turn   | Place    | Note
-------+----------+-------------------------------------------
     0 | D:1      | Ijustatesigmund the Gargoyle Fighter began the quest for
                  | the Orb.
     0 | D:1      | Reached XP level 1. HP: 14/14 MP: 1/1
   218 | D:1      | Reached XP level 2. HP: 19/19 MP: 2/2
   863 | D:2      | Reached XP level 3. HP: 24/24 MP: 3/3
   897 | D:2      | Found a snail-covered altar of Cheibriados.
   905 | D:2      | Became a worshipper of Cheibriados the Contemplative
  1022 | D:2      | Slain by a worm

Illustrated notes

Levels and vault maps discovered:
D:1:      psy_arrival_radial01, layout_loops_ring,
          hangedman_abyss_or_decor_lesser_grid
D:2:      layout_rooms, basic_altar

Skill      XL: |  1  2 |
---------------+-------+-----
Maces & Flails | 3 |  3.1
Fighting       | |  3.7
Armour         | |  3.2
Shields        | |  3.2
Invocations    | |  0.1

Action                   || total
-------------------------++-------
Melee: Flail             ||    87
  Use: Scroll            ||     2
Armor: Scale mail        ||    48
Dodge: Dodged            ||    42
Block: Kite shield       ||    50
